 Dungeon Crawl Stone Soup version 0.28-a0-1174-g766a6a42ef (webtiles) character file.

Game seed: 16499614368642926555

16718 Goblin1989 the Arsonist (level 12, -1/97 HPs)
             Began as a Demonspawn Cinder Acolyte on Dec 16, 2021.
             Was a High Priest of Ignis.
             Slain by a five-headed hydra (13 damage)
             ... on level 1 of the Lair of Beasts.
             The game lasted 01:00:39 (18546 turns).

Goblin1989 the Arsonist (DsCA)                     Turns: 18546, Time: 01:00:39

Health: -1/97      AC:  7    Str: 16    XL:     12   Next: 12%
Magic:  0/26       EV: 12    Int: 26    God:    Ignis [*****.]
Gold:   684        SH:  0    Dex:  8    Spells: 19/31 levels left

rFire   + . .      SeeInvis .   a - +5 dagger (drain)
rCold   . . .      Faith    .   (no shield)
rNeg    . . .      Spirit   .   i - +0 troll leather armour
rPois   .          Reflect  .   (no helmet)
rElec   .          Harm     .   t - +0 cloak
rCorr   .          Rampage  .   x - +1 pair of gloves
Will    .....                   (no boots)
Stlth   +.........              (no amulet)
HPRegen 1.06/turn               M - +6 ring of intelligence
MPRegen 0.20/turn               A - ring of wizardry

@: frozen, very slow
A: hooves 2, ignite blood 1, spiny 2, weakness stinger 1, demonic touch 2
a: Renounce Religion, Fiery Armour, Foxfire Swarm, Rising Flame


You were on level 1 of the Lair of Beasts.
You worshipped Ignis.
Ignis was extremely pleased with you.
You visited 2 branches of the dungeon, and saw 12 of its levels.

You collected 684 gold pieces.

Inventory:

Hand Weapons
 a - a +5 dagger of draining (weapon)
 b - the +9 dagger of the Skies Above {vorpal, rF- rCorr Str+6 SInv}
   (You found it on level 9 of the Dungeon)

   It inflicts extra damage upon your enemies.
   Str:       It affects your strength (+6).
   rF:        It makes you vulnerable to fire.
   SInv:      It lets you see invisible.
   rCorr:     It protects you from acid and corrosion.
 u - a -1 hand axe of flaming
 N - the +1 war axe of Qujotyb {freeze, *Noise Fly rPois Dex+6 Stlth-}
   (You found it on level 8 of the Dungeon)

   It freezes those it strikes, dealing additional cold damage.
   It can also slow down cold-blooded creatures.
   Dex:       It affects your dexterity (+6).
   rPois:     It protects you from poison.
   Fly:       It grants you flight.
   *Noise:    It may make noises in combat.
   Stlth:     It makes you less stealthy.
Missiles
 m - 4 boomerangs of dispersal
 r - 13 curare-tipped darts (quivered)
 w - 8 javelins {@Q2}
Armour
 i - a +0 troll leather armour (worn)
 t - a +0 cloak (worn)
 x - a +1 pair of gloves (worn)
Magical Staves
 P - a staff of air
 Q - a staff of death
Jewellery
 c - a ring of protection from cold
 h - a ring of ice
 n - an amulet of the acrobat
 o - a ring of poison resistance
 A - a ring of wizardry (right hand)
 L - a +6 ring of intelligence
 M - a +6 ring of intelligence (left hand)
 V - a +6 ring of strength
 Z - a ring of fire
Wands
 f - a wand of iceblast (3) {@v4}
 F - a wand of mindburst (15)
 O - a wand of flame (24) {@v6}
 W - a wand of acid (15) {@v2}
 X - a wand of paralysis (8) {@v7}
 Y - a wand of digging (4) {@v1}
Scrolls
 j - a scroll of brand weapon {unknown}
 l - a scroll of fear {unknown}
 p - 2 scrolls of enchant armour
 z - a scroll of acquirement {unknown}
 B - a scroll of blinking
 E - a scroll of vulnerability {unknown}
 G - a scroll of holy word
 I - 6 scrolls of immolation
 J - a scroll of amnesia
 T - 2 scrolls of teleportation {!r, @r2}
 U - a scroll of silence {unknown}
Potions
 g - a potion of heal wounds {@q2}
 k - a potion of brilliance
 s - a potion of might {@q4}
 y - a potion of lignification
 C - 4 potions of curing {@q1}
 D - 2 potions of flight {unknown}
 H - 3 potions of magic {unknown}
 K - a potion of invisibility {unknown}
 S - a potion of mutation {unknown}


   Skills:
 - Level 10.0 Fighting
 - Level 1.0 Short Blades
 - Level 2.6 Axes
 + Level 3.9 Dodging
 - Level 10.0 Spellcasting
 * Level 3.9 Conjurations
 * Level 10.8 Fire Magic
 - Level 5.0 Air Magic


You had 19 spell levels left.
You knew the following spells:

 Your Spells              Type           Power      Damage    Failure   Level
a - Scorch                Fire           100%       2d10      1%          2
b - Airstrike             Air            19%        N/A       2%          4
c - Starburst             Conj/Fire      25%        6d8       16%         6

Your spell library contained the following spells:

 Spells                   Type           Power      Damage    Failure   Level
 Animate Skeleton         Necr           26%        N/A       2%          1
 Apportation              Tloc           26%        N/A       2%          1
 Slow                     Hex            52%        N/A       2%          1
 Summon Small Mammal      Summ           52%        N/A       2%          1
 Fireball                 Conj/Fire      25%        3d11      3%          5
 Confusing Touch          Hex            13%        N/A       7%          3
 Ozocubu's Armour         Ice            13%        N/A       7%          3
 Summon Lightning Spire   Summ/Air       26%        N/A       9%          4
 Lightning Bolt           Conj/Air       18%        1d32      11%         5
 Alistair's Intoxication  Tmut/Pois      8%         N/A       50%         5
 Borgnjor's Vile Clutch   Necr/Erth      6%         N/A       50%         5
 Metabolic Englaciation   Hex/Ice        6%         N/A       50%         5
 Yara's Violent Unravell  Hex/Tmut       6%         3d5       50%         5
 Ignition                 Fire           31%        3d10      83%         8
 Eringya's Noxious Bog    Tmut/Pois      6%         N/A       96%         6
 Simulacrum               Ice/Necr       6%         N/A       96%         6


Dungeon Overview and Level Annotations

Branches:
Dungeon (11/15)            Temple (0/1) D:4            Lair (1/6) D:11
    Orc (0/2) D:11

Altars:
Uskayaw

Shops:
D:8 *

Annotations:
D:6 3 runed translucent doors, Spolavi's ghost, novice OpTm
D:10 2 transporters


Innate Abilities, Weirdness & Mutations

You have hoof-like feet.
Your demonic aura sometimes causes spilled blood to erupt in flames.
You are mostly covered in sharp spines.
You have a small tail.
Your touch may inflict irresistible damage on your foes.


Message History

Unknown command.
You climb downwards.
Welcome to the Lair of Beasts!
The rime drake hisses angrily.
The five-headed hydra roars!
Found a book of Transfigurations and a wand of flame (6).
There is a staircase back to the Dungeon here.
Casting: Starburst (dangerous; 16% risk of failure)
Confirm with . or Enter, or press ? or * to list all spells.
Casting: Starburst (dangerous; 16% risk of failure)
Press: ? - help, Dir - look around, f - activate You miscast Starburst.
You are very lightly contaminated with residual magic.
Nothing appears to happen.
The rime drake breathes ice at you. The flash freeze misses you.
You now have 16/26 mp.
Casting: Starburst (dangerous; 16% risk of failure)
Confirm with . or Enter, or press ? or * to list all spells.
Casting: Starburst (dangerous; 16% risk of failure)
Press: ? - help, Dir - look around, f - activate The bolt of fire hits the five-headed hydra!!
The five-headed hydra is heavily wounded.
The bolt of fire hits the rime drake!!
The rime drake is severely wounded.
You now have 10/26 mp.
Casting: Starburst (dangerous; 16% risk of failure)
Confirm with . or Enter, or press ? or * to list all spells.
Aiming: Airstrike (dangerous; 2% risk of failure)
Press: ? - help, Dir - move target, f - five-headed hydra
Aim: a five-headed hydra (heavily wounded, empty space bonus: 8/8)
The air twists around and strikes the five-headed hydra!
The five-headed hydra is severely wounded.
You now have 6/26 mp.
Casting: Airstrike (dangerous; 2% risk of failure)
Confirm with . or Enter, or press ? or * to list all spells.
Flames lash the five-headed hydra.
The five-headed hydra is severely wounded.
The five-headed hydra's fire resistance burns away.
You now have 5/26 mp.
Casting: Scorch (safe; 1% risk of failure)
Confirm with . or Enter, or press ? or * to list all spells.
Flames lash the five-headed hydra.
The five-headed hydra is burned terribly!
The five-headed hydra is almost dead.
The rime drake breathes ice at you. The flash freeze hits you!
You are encased in ice.
The five-headed hydra bites you but does no damage.
The five-headed hydra barely misses you.
The five-headed hydra bites you.
The five-headed hydra barely misses you.
The five-headed hydra misses you.
You take 15 damage, and have 82/97 hp.
You now have 3/26 mp.
Casting: Scorch (safe; 1% risk of failure)
Confirm with . or Enter, or press ? or * to list all spells.
Flames lash the rime drake.
The rime drake is almost dead.
The rime drake's fire resistance burns away.
The rime drake bites you.
The five-headed hydra is struck by your spines.
The five-headed hydra bites you.
The five-headed hydra closely misses you.
The five-headed hydra bites you!
The five-headed hydra closely misses you.
The five-headed hydra bites you!
You take 18 damage, and have 64/97 hp.
You now have 1/26 mp.
Casting: Scorch (safe; 1% risk of failure)
Confirm with . or Enter, or press ? or * to list all spells.
You don't have enough magic to cast this spell.
Unknown command.
Unknown command.
Found a stone staircase leading down.
The ice encasing you melts away.
The five-headed hydra is no longer more vulnerable to fire.
The rime drake breathes ice at you. The flash freeze hits you!!
You are encased in ice.
You take 19 damage, and have 45/97 hp.
The rime drake bites you but does no damage.
Your magical contamination has completely faded away.
Found a scroll of noise.
The ice encasing you melts away.
The rime drake is no longer more vulnerable to fire.
The rime drake breathes ice at you. The flash freeze hits you!!
* * * LOW HITPOINT WARNING * * *
You are encased in ice.
You take 29 damage, and have 18/97 hp.
MASSIVE DAMAGE!!
Casting: Scorch (safe; 1% risk of failure)
Confirm with . or Enter, or press ? or * to list all spells.
Flames lash the rime drake.
You kill the rime drake!
The five-headed hydra is struck by your spines.
The five-headed hydra completely misses you.
The five-headed hydra bites you but does no damage.
The five-headed hydra bites you.
* * * LOW HITPOINT WARNING * * *
The five-headed hydra bites you.
* * * LOW HITPOINT WARNING * * *
The five-headed hydra bites you!
You die...

█...... ███ █...█..
█..█ █...█.██... .█
█.....P..█
...█.......██
..........█.███
..............█
.......<......█
.........█D@..█
..................?
....█........>.....
... █.........███P.
.. █..........█ . .
█/......█....
...........██P
.█████...█ ██


You could see a five-headed hydra.

Vanquished Creatures
  A cyclops (D:11)
  Joseph (D:9)
  2 gargoyles (D:11)
  A kobold demonologist (D:10)
  A rime drake (Lair:1)
  3 trolls (D:10)
  2 hornets
  Grinder (D:5)
  4 slime creatures
  3 wraiths
  A wyvern (D:11)
  4 basilisks
  32 yaks
  An acid dragon (D:11)
  Edmund (D:4)
  8 water moccasins
  7 orc warriors
  A swamp drake (D:11)
  An ice beast (D:7)
  A black bear (D:10)
  2 ogres
  3 wolves (D:11)
  3 necrophages
  6 centaurs
  2 phantoms
  19 kobold brigands
  A wyvern zombie (D:8)
  2 scorpions
  4 water moccasin skeletons
  8 wights
  6 killer bees (D:10)
  6 howler monkeys
  A crimson imp (D:9)
  4 centaur zombies
  2 jellies
  6 orc priests
  A bullfrog skeleton (D:7)
  2 centaur skeletons
  Ijyb (D:5)
  Natasha (D:2)
  4 iguanas
  8 orc wizards
  A hound zombie (D:5)
  A hound skeleton (D:4)
  A howler monkey zombie (D:11)
  4 gnolls (D:7)
  9 adders
  3 white imps
  An ufetubus (D:4)
  3 worms
  27 orcs
  5 endoplasms
  4 giant cockroaches
  5 goblins
  10 hobgoblins
  6 quokkas
  7 ball pythons
  7 bats
  2 frilled lizards
  16 kobolds
  2 rats (D:3)
282 creatures vanquished.

Vanquished Creatures (others)
  5 fungi (D:11)
  14 plants (D:11)
19 creatures vanquished.

Grand Total: 301 creatures vanquished

Notes
Turn   | Place    | Note
-------+----------+-------------------------------------------
     0 | D:1      | Goblin1989 the Demonspawn Cinder Acolyte began the quest
                  | for the Orb.
     0 | D:1      | Reached XP level 1. HP: 18/18 MP: 2/2
   601 | D:1      | Gained mutation: You are partially covered in sharp spines.
                  | [demonic ancestry]
   601 | D:1      | Reached XP level 2. HP: 24/24 MP: 2/4
   604 | D:1      | Learned a level 2 spell: Scorch
   772 | D:1      | Found a faded altar of an unknown god.
  1027 | D:1      | You fall into a shaft and drop 1 floor!
  1431 | D:2      | Gained mutation: Your demonic aura sometimes causes spilled
                  | blood to erupt in flames. [demonic ancestry]
  1431 | D:2      | Reached XP level 3. HP: 29/29 MP: 0/6
  2500 | D:2      | Noticed Natasha
  2505 | D:2      | Killed Natasha
  2506 | D:2      | Reached XP level 4. HP: 28/35 MP: 0/8
  3965 | D:4      | Found a staircase to the Ecumenical Temple.
  3984 | D:4      | Reached XP level 5. HP: 41/41 MP: 6/9
  4166 | D:4      | Found a hide-covered altar of Uskayaw.
  4403 | D:4      | Noticed a water moccasin
  4404 | D:4      | Noticed a water moccasin
  4406 | D:4      | Killed a water moccasin
  4407 | D:4      | Reached XP level 6. HP: 29/47 MP: 4/12
  4415 | D:4      | Killed a water moccasin
  4416 | D:4      | Reached skill level 5 in Fire Magic
  4468 | D:4      | HP: 1/47 [phantom (6)]
  4716 | D:4      | Discovered your monstrous ancestry.
  4716 | D:4      | Gained mutation: You have a small tail. [demonic ancestry]
  4716 | D:4      | Reached XP level 7. HP: 29/52 MP: 5/14
  5094 | D:5      | Entered Level 5 of the Dungeon
  5094 | D:5      | Noticed Edmund
  5100 | D:5      | Noticed Ijyb
  5120 | D:4      | Killed Edmund
  5121 | D:4      | Reached skill level 5 in Spellcasting
  5428 | D:5      | Killed Ijyb
  5938 | D:5      | Gained mutation: Your touch may inflict minor irresistible
                  | damage on your foes. [demonic ancestry]
  5938 | D:5      | Reached XP level 8. HP: 21/61 MP: 5/16
  6692 | D:5      | Noticed Grinder
  6891 | D:5      | Killed Grinder
  6892 | D:5      | Reached skill level 5 in Fighting
  8794 | D:6      | Gained mutation: Your touch may inflict irresistible damage
                  | on your foes. [demonic ancestry]
  8794 | D:6      | Reached XP level 9. HP: 69/69 MP: 12/19
  8900 | D:6      | Found a runed translucent gate.
  8900 | D:6      | Found a runed translucent gate.
  8900 | D:6      | Noticed Spolavi's ghost (novice OpTm)
  8902 | D:6      | Found a runed translucent gate.
 10103 | D:7      | DEFE: Какой-то нездоровый вид у этого ДС
 10604 | D:8      | Goblin1989: мутации тоже так себе
 10604 | D:8      | Goblin1989: эти сволочи сделали так что я теперь текст
                  | скопировать не могу
 10604 | D:8      | Goblin1989: я так понял что у меня кулаки которые мр режут
 10604 | D:8      | Goblin1989: спайни вижу
 10604 | D:8      | DEFE: - Your demonic aura sometimes causes spilled blood to
                  | erupt in flames. b - You are partially covered in sharp
                  | spines. c - You have a small tail. d - Your touch may
                  | inflict irresistible damage on your foes.
 10604 | D:8      | DEFE: у меня копируется
 10604 | D:8      | Goblin1989: как ты это сделал?!
 10604 | D:8      | DEFE: выделил мышкой
 10604 | D:8      | Goblin1989: а у меня нет
 10604 | D:8      | Goblin1989: странно
 10604 | D:8      | Goblin1989: может из-за браузера?
 10604 | D:8      | DEFE: Даже не знаю
 10604 | D:8      | DEFE: попробуй в другом браузере
 10604 | D:8      | Goblin1989: ctrl+c тоже не работает
 10604 | D:8      | Goblin1989: ааааа
 10604 | D:8      | Goblin1989: дай-ка я тему поменяю
 10604 | D:8      | Goblin1989: нет, но я кажется догадываюсь из-за чего это
 10604 | D:8      | Goblin1989: плагин крипропрошный, он у меня для работы на
                  | однм сайте нужен
 11088 | D:8      | Gained mutation: You have large cloven feet. [demonic
                  | ancestry]
 11088 | D:8      | Reached XP level 10. HP: 50/80 MP: 17/22
 12321 | D:8      | Identified the +1 war axe of Qujotyb {freeze, *Noise Fly
                  | rPois Dex+6 Stlth-}
 12416 | D:8      | Found Giunoxue's General Store.
 12637 | D:9      | Noticed Joseph
 12906 | D:9      | Identified the +9 dagger of the Skies Above {vorpal, rF-
                  | rCorr Str+6 SInv}
 13467 | D:9      | DEFE: УХ ты
 13477 | D:9      | DEFE: ТАм мутации поменяли
 13477 | D:9      | Goblin1989: ???
 13477 | D:9      | DEFE: дсу
 13477 | D:9      | Goblin1989: ???
 13477 | D:9      | DEFE: Теперь хф не такой бесполезный
 13477 | D:9      | Goblin1989: не хп жрет а ману?
 13506 | D:9      | DEFE: Дает МР+ и тормент резист
 13507 | D:9      | DEFE: в добавок к плевку
 13507 | D:9      | Goblin1989: так была же такая мутка
 13507 | D:9      | Goblin1989: только там 59%
 13507 | D:9      | Goblin1989: 50%
 13507 | D:9      | DEFE: Это другая
 13507 | D:9      | DEFE: там не резист а шанс заигнорить
 13507 | D:9      | Goblin1989: блэк марк вроде называлась
 13507 | D:9      | DEFE: резист это другое
 13507 | D:9      | DEFE: это как у гаргульи, статуеформы или кику
 13507 | D:9      | Goblin1989: а как он работать будет?
 13507 | D:9      | Goblin1989: ооооо!!!!!
 13507 | D:9      | DEFE: А еще хф теперь наносит урон мобам каждый раз когда
                  | монстр пытается кастануть дебафф на тебя
 13507 | D:9      | Goblin1989: тир три мутации становятся действительно
                  | полезными
 13632 | D:9      | DEFE: а у тебя какое-то касание
 13632 | D:9      | DEFE: это что-то новое
 13632 | D:9      | Goblin1989: ну да
 13632 | D:9      | DEFE: че там в описании?
 13632 | D:9      | Goblin1989: энергия вокруг перчаток
 13704 | D:9      | Killed Joseph
 14232 | D:9      | Goblin1989: тэкс
 14232 | D:9      | Goblin1989: пора менять спелл атакующий
 14232 | D:9      | DEFE: Да не
 14232 | D:9      | DEFE: Этот поджог может весь леер пройти
 14232 | D:9      | Goblin1989: о как
 14232 | D:9      | DEFE: Ну если менять то надо на молнию целиться
 14232 | D:9      | DEFE: аирстрайк и лайтнингболт
 14232 | D:9      | Goblin1989: тогда поищем из школы огня что-нибудь
 14232 | D:9      | DEFE: Воздух очень крутой сейчас
 14232 | D:9      | DEFE: Огня-то у тебя нет
 14232 | D:9      | DEFE: И не факт что скоро будет
 14258 | D:10     | Entered Level 10 of the Dungeon
 14343 | D:10     | DEFE: я бы выключил огонь т.к. у тебя давно 100% повера на
                  | скорч и включил бы все в воздух
 14518 | D:10     | Learned a level 4 spell: Airstrike
 14540 | D:10     | Reached skill level 1 in Short Blades
 14555 | D:9      | Reached skill level 1 in Air Magic
 14555 | D:9      | DEFE: Аирстрайк теперь интересно работает
 14555 | D:9      | DEFE: урон зависит от числа свободных клеток
 14555 | D:9      | DEFE: вокруг цели
 14555 | D:9      | DEFE: сильно бьет по одинокой цели
 14557 | D:9      | DEFE: плохо по окруженной чем-нибудь
 14565 | D:9      | Goblin1989: понял
 14674 | D:10     | Reached skill level 1 in Dodging
 14731 | D:10     | Gained mutation: You are mostly covered in sharp spines.
                  | [demonic ancestry]
 14731 | D:10     | Reached XP level 11. HP: 89/89 MP: 8/24
 15080 | D:10     | Found a transporter.
 15264 | D:10     | Found a transporter.
 15723 | D:11     | DEFE: О инта
 15723 | D:11     | DEFE: +12
 15723 | D:11     | DEFE: нормас
 15723 | D:11     | Goblin1989: я могу +12 носить уже
 15816 | D:11     | Reached skill level 10 in Fire Magic
 16055 | D:11     | Noticed a purple ugly thing
 16267 | D:10     | DEFE: Игнишен и рука
 16267 | D:10     | Goblin1989: да
 16267 | D:10     | DEFE: И старбаст
 16267 | D:10     | DEFE: страбраст очень крутой
 16267 | D:10     | DEFE: рекомендую
 16267 | D:10     | Goblin1989: короче
 16267 | D:10     | Goblin1989: иду в огонь обратно
 16267 | D:10     | DEFE: Да
 16267 | D:10     | DEFE: Ну воздух тебе потом все равно понадобится
 16275 | D:10     | Learned a level 6 spell: Starburst
 16275 | D:10     | DEFE: Ради ваншота
 16601 | D:10     | Goblin1989: вот я не понимаю почему дэвы все ещз не
                  | исправили это косяк для двуруких
 16601 | D:10     | DEFE: Што?
 16601 | D:10     | Goblin1989: у меня одето кольцо на инту и рпоиз
 16601 | D:10     | Goblin1989: я одеваю еще одно кольцо на инту
 16601 | D:10     | Goblin1989: на кой спрашивать у меня какое кольцо мне
                  | снять?
 16601 | D:10     | DEFE: А, типа можно не спрашивать
 16601 | D:10     | DEFE: Ну да
 16601 | D:10     | Goblin1989: нет блин, я по приколу одно кольцо на инт+6
                  | сменя на другое кольцо инт+6
 16601 | D:10     | Goblin1989: ты можешь это им черкнуть куда-нибудь?
 16601 | D:10     | Goblin1989: я эту фигню еще с 0,17 знаю
 16601 | D:10     | DEFE: Лол
 16601 | D:10     | DEFE: Я с девами кравла не общался
 16601 | D:10     | Goblin1989: тем более статы на обычных кольцах тепеть
                  | статичные
 16601 | D:10     | Goblin1989: ну будет у тебя первый раз )))
 16625 | D:10     | DEFE: Кек
 16625 | D:10     | DEFE: Кстати, чому у тебя нет иконок
 16625 | D:11     | DEFE: спеллов, абилок, рун
 16625 | D:11     | Goblin1989: настройка
 16802 | D:11     | Reached skill level 1 in Conjurations
 16966 | D:11     | Reached skill level 10 in Spellcasting
 17251 | D:11     | Found a staircase to the Lair.
 17333 | D:11     | Reached skill level 5 in Air Magic
 17476 | D:11     | Reached skill level 10 in Fighting
 17608 | D:11     | Gained mutation: You have hoof-like feet. [demonic
                  | ancestry]
 17608 | D:11     | Reached XP level 12. HP: 58/97 MP: 17/26
 18459 | D:11     | Found a staircase to the Orcish Mines.
 18534 | Lair:1   | Entered Level 1 of the Lair of Beasts
 18534 | Lair:1   | Noticed a five-headed hydra
 18546 | Lair:1   | Slain by a five-headed hydra

Illustrated notes

Levels and vault maps discovered:
D:1:      shiori_arrival_maze, layout_basic,
          shapermc_ecumenical_altar_starsandcircs
D:2:      layout_loops_corners, uniq_natasha
D:3:      layout_basic, minmay_strange_pillars, minmay_misc_feat_hallway
D:4:      layout_gridville, eat_drink_and_be_merry_uskayaw,
          minmay_temple_entry_statues_fountains, kennysheep_potato
D:5:      wander_river, layout_layer_cave, uniq_edmund, uniq_grinder, uniq_ijyb
D:6:      layout_basic, gammafunk_ghost_nasty_kobolds
D:7:      layout_rooms
D:8:      layout_loops_corners, serial_shops, shop
D:9:      layout_cave_pools, hex_medium, minmay_fire_ice_demons, uniq_joseph
D:10:     gammafunk_boulding_lane, layout_irregular_city, serial_column_ruins,
          column_ruins_square_small, column_ruins_grid_1,
          column_ruins_open_tiny, column_ruins_open_tiny, column_ruins_grid_1,
          column_ruins_corridor_straight, column_ruins_grid_2,
          column_ruins_corridor_straight, minivault_25_ag
D:11:     layout_long_grid, minmay_lair_entry_grove, erik_orc_1, special_room
          [special_room_kobold]
Lair:1:   layout_layer_cave, basic_altar, lemuel_fruit_fields

Skill      XL: |  1  2  3  4  5  6  7  8  9 10 11 |
---------------+----------------------------------+-----
Fire Magic     | 3 4 5 6 7 8 9 10 | 10.8
Spellcasting   | 2 3 4 5 6 8 9 10 | 10.0
Fighting       | 4 6 7 9 10 | 10.0
Short Blades   | 1 |  1.0
Air Magic      | 1 5 |  5.0
Dodging        | 1 3 |  3.9
Conjurations   | 3 |  3.9
Axes           | |  2.6

Action                   |  1- 3 |  4- 6 |  7- 9 | 10-12 || total
-------------------------+-------+-------+-------+-------++-------
Melee: Hand axe          |    49 |    18 |     2 |       ||    69
       Dagger            |       |       |     8 |    17 ||    25
       Touch             |       |       |     2 |     1 ||     3
       Kick              |       |       |       |     2 ||     2
       Tailslap          |       |       |       |     2 ||     2
Throw: Dart              |       |       |       |     5 ||     5
 Cast: Scorch            |    31 |    49 |   172 |   325 ||   577
       Airstrike         |       |       |       |    12 ||    12
       Starburst         |       |       |       |     2 ||     2
Evoke: Wand              |       |       |       |     4 ||     4
  Use: Scroll            |       |       |     7 |     6 ||    13
Armor: Robe              |    12 |    11 |    13 |     9 ||    45
       Troll leather arm |       |       |       |    68 ||    68
Dodge: Dodged            |    34 |    18 |    51 |   129 ||   232

Table legend: (Time is in decaauts)
 A = Elapsed time spent in this place.
 B = Non-inter-level travel time spent in this place.
 C = Inter-level travel time spent in this place.
 D = Time resting spent in this place.
 E = Time spent auto-exploring this place.
 F = Levels seen in this place.
 G = Mean time per level.
                   A        B        C        D        E       F      G
               +--------+--------+--------+--------+--------+-----+--------+
         Total |  18616 |  17879 |    737 |   5629 |   9925 |  12 | 1551.3 |
       Dungeon |  18603 |  17866 |    737 |   5629 |   9925 |  11 | 1691.2 |
          Lair |     13 |     13 |      0 |      0 |      0 |   1 |   13.0 |
               +--------+--------+--------+--------+--------+-----+--------+

Top non-repeatable levels by time:
    D:10: 2721 daAuts
     D:5: 2386 daAuts
     D:8: 2362 daAuts
     D:6: 1800 daAuts
     D:4: 1574 daAuts
    D:11: 1554 daAuts
     D:1: 1362 daAuts
     D:3: 1307 daAuts
     D:2: 1295 daAuts
     D:7: 1177 daAuts
     D:9: 1061 daAuts
  Lair:1: 13 daAuts
